 Dungeon Crawl Stone Soup version 0.28.0-43-g3370ac3207 (webtiles) character file.

Game seed: 14501930095159330437

329 H0rd4k the Magician (level 6, -15/32 HPs)
             Began as a Deep Elf Hedge Wizard on Mar 14, 2022.
             Demolished by an ogre
             ... wielding a +0 giant club
              (16 damage)
             ... on level 4 of the Dungeon.
             The game lasted 00:04:59 (4634 turns).

H0rd4k the Magician (Deep Elf Hedge Wizard)         Turns: 4634, Time: 00:05:00

Health: -15/32     AC:  2    Str:  7    XL:     6   Next: 25%
Magic:  1/18       EV: 13    Int: 21    God:
Gold:   137        SH:  0    Dex: 14    Spells: 11/20 levels left

rFire   . . .      SeeInvis .   a - +0 dagger
rCold   . . .      Faith    .   (no shield)
rNeg    . . .      Spirit   .   b - +0 robe
rPois   .          Reflect  .   c - +0 hat
rElec   .          Harm     .   (no cloak)
rCorr   .          Rampage  .   (no gloves)
Will    .....                   (no boots)
Stlth   ++........              (no amulet)
HPRegen 0.10/turn               (no ring)
MPRegen 0.16/turn               (no ring)

@: no status effects
A: no striking features
a: no special abilities


You were on level 4 of the Dungeon.
You visited 1 branch of the dungeon, and saw 5 of its levels.

You collected 137 gold pieces.

Inventory:

Hand Weapons
 a - a +0 dagger (weapon)
Armour
 b - a +0 robe (worn)
 c - a +0 hat (worn)
Jewellery
 s - a ring of ice
Scrolls
 d - a scroll of teleportation {unknown}
 g - a scroll of torment {unknown}
 h - a scroll of blinking {unknown}
 l - 3 scrolls of identify {unknown}
 m - a scroll of amnesia {unknown}
 o - a scroll of immolation {unknown}
 r - a scroll of magic mapping {unknown}
Potions
 e - a potion of berserk rage {unknown}
 f - a potion of cancellation {unknown}
 i - 3 potions of ambrosia {unknown}
 j - a potion of curing {unknown}
 k - 2 potions of flight {unknown}
 n - a potion of degeneration {unknown}
 p - a potion of mutation {unknown}
 q - a potion of magic {unknown}
 t - a potion of heal wounds {unknown}


   Skills:
 + Level 0.1 Fighting
 + Level 3.1 Dodging
 - Level 2.4 Stealth
 + Level 7.6 Spellcasting
 + Level 3.1 Conjurations
 + Level 1.1 Summonings
 + Level 1.1 Translocations
 + Level 1.3 Fire Magic
 + Level 1.1 Air Magic
 + Level 1.3 Poison Magic


You had 11 spell levels left.
You knew the following spells:

 Your Spells              Type           Power      Damage    Failure   Level
a - Magic Dart            Conj           84%        1d7       2%          1
b - Blink                 Tloc           24%        N/A       8%          2
c - Conjure Flame         Conj/Fire      17%        6-21      10%         3
d - Mephitic Cloud        Conj/Pois/Air  15%        N/A       12%         3

Your spell library contained the following spells:

 Spells                   Type           Power      Damage    Failure   Level
 Call Imp                 Summ           12%        N/A       8%          2
 Slow                     Hex            32%        N/A       9%          1
 Ignite Poison            Fire/Tmut/Pois 11%        N/A       17%         3
 Freezing Cloud           Conj/Ice/Air   7%         6-21      77%         5


Dungeon Overview and Level Annotations

Branches:
Dungeon (5/15)
 Temple: D:4-7

Altars:

Annotations:
D:1 exclusion: downstairs
D:4 exclusions: ogre and upstairs


Message History

The orc hits you with a +0 flail of holy wrath!
You climb downwards.
There is a stone staircase leading up here.
The centaur shouts!
The orc hits you with a +0 flail of holy wrath.
The centaur wields a +0 shortbow.
The centaur shoots an arrow.
The arrow hits you.
You climb upwards.
Level annotation: exclusions: ogre and upstairs The ogre hits you with a +0 giant club!
* * * LOW HITPOINT WARNING * * *
A hound comes into view.
There is a stone staircase leading down here.
Unknown command.
Casting: Magic Dart (safe; 2% risk of failure)
Confirm with . or Enter, or press ? or * to list all spells.
You blink.
Casting: Blink (safe; 8% risk of failure)
Confirm with . or Enter, or press ? or * to list all spells.
Aiming: Magic Dart (safe; 2% risk of failure)
Press: ? - help, Shift-Dir - straight line, f - giant cockroach
Aim: a giant cockroach (100% to hit)
The magic dart hits the giant cockroach.
The giant cockroach is heavily wounded.
The giant cockroach closely misses you.
Casting: Magic Dart (safe; 2% risk of failure)
Confirm with . or Enter, or press ? or * to list all spells.
Aiming: Magic Dart (safe; 2% risk of failure)
Press: ? - help, Shift-Dir - straight line, f/p - giant cockroach
Aim: a giant cockroach (heavily wounded, 100% to hit)
The magic dart hits the giant cockroach but does no damage.
The giant cockroach is heavily wounded.
The giant cockroach closely misses you. The giant cockroach misses you.
Unknown command.
You feel stable enough to blink again. The giant cockroach bites you.
* * * LOW HITPOINT WARNING * * *
The ogre hits you with a +0 giant club!
Ouch! That really hurt!
You die...

### #.# ##### #.###
#.... #...#
#....#######.#.#
#$...@B....#O#.#
#.....O....#.#.#
#.......o..#.#.#
#..........#.#.#
#..........#)#.#
............#.#.#
###..........#.#.#
#..........#[#.######.
....####.>.)...h.....


You could see an ogre, an orc and a giant cockroach.

Vanquished Creatures
  A centaur zombie (D:4)
  An orc priest (D:3)
  2 orc wizards (D:4)
  A scorpion zombie (D:2)
  4 gnolls
  A howler monkey skeleton (D:3)
  3 adders
  An adder zombie (D:2)
  2 adder skeletons
  2 worms
  6 dart slugs
  4 orcs
  9 ball pythons
  6 bats
  A bat zombie (D:2)
  5 endoplasms
  4 giant cockroaches
  8 goblins
  6 hobgoblins
  3 jackals (D:3)
  11 kobolds
  A quokka (D:2)
  A ball python skeleton (D:2)
  A ball python zombie (D:2)
  5 frilled lizards
  A quokka skeleton (D:2)
  3 rats
93 creatures vanquished.

Vanquished Creatures (others)
  3 withered plants (D:2)
3 creatures vanquished.

Grand Total: 96 creatures vanquished

Notes
Turn   | Place    | Note
-------+----------+-------------------------------------------
     0 | D:1      | H0rd4k the Deep Elf Hedge Wizard began the quest for the
                  | Orb.
     0 | D:1      | Reached XP level 1. HP: 10/10 MP: 7/7
    97 | D:1      | Reached skill level 5 in Spellcasting
   302 | D:1      | Reached XP level 2. HP: 15/15 MP: 6/10
   980 | D:1      | Reached XP level 3. HP: 19/19 MP: 3/12
   983 | D:1      | Learned a level 2 spell: Blink
   987 | D:1      | Learned a level 3 spell: Conjure Flame
   991 | D:1      | Learned a level 3 spell: Mephitic Cloud
  1771 | D:2      | You fall into a shaft and drop 2 floors!
  2100 | D:2      | Reached XP level 4. HP: 24/24 MP: 10/13
  2105 | D:2      | Reached skill level 1 in Fire Magic
  2560 | D:2      | Found a faded altar of an unknown god.
  2576 | D:2      | Reached skill level 6 in Spellcasting
  3280 | D:2      | Reached skill level 1 in Poison Magic
  3280 | D:2      | Reached XP level 5. HP: 24/28 MP: 9/15
  3706 | D:2      | Reached skill level 1 in Air Magic
  4330 | D:3      | Reached skill level 7 in Spellcasting
  4473 | D:4      | Noticed an ogre
  4486 | D:4      | Reached XP level 6. HP: 25/32 MP: 15/18
  4624 | D:5      | Entered Level 5 of the Dungeon
  4626 | D:4      | HP: 1/32 [ogre/+0 giant club (12)]
  4633 | D:4      | HP: 1/32 [giant cockroach (1)]
  4634 | D:4      | Demolished by an ogre

Illustrated notes

Levels and vault maps discovered:
D:1:      lightli_arrival_maybe_door_vault, layout_loops_corners
D:2:      layout_loops_ring, ebering_ecumenical_altar_mist, serial_undead,
          serial_undead_a, serial_undead_b, serial_undead_f, serial_undead_c,
          serial_undead_e, serial_undead_a
D:3:      layout_basic
D:4:      layout_basic, serial_shops, kennysheep_mini_moat
D:5:      layout_basic, eino_tiny_chamber, uniq_grinder

Skill      XL: |  1  2  3  4  5 |
---------------+----------------+-----
Spellcasting   | 5 6 7 |  7.6
Conjurations   | 2 3 |  3.1
Fire Magic     | 1 |  1.3
Poison Magic   | 1 |  1.3
Dodging        | 3 |  3.1
Air Magic      | 1 |  1.1
Fighting       | |  0.1
Stealth        | |  2.4
Summonings     | |  1.1
Translocations | |  1.1

Action                   |  1- 3 |  4- 6 || total
-------------------------+-------+-------++-------
 Cast: Magic Dart        |   115 |   171 ||   286
       Conjure Flame     |       |     6 ||     6
       Blink             |       |     2 ||     2
       Mephitic Cloud    |       |     1 ||     1
Armor: Robe              |     8 |     7 ||    15
Dodge: Dodged            |    23 |    27 ||    50
